Map: Golden Wall LE

Players

IIIIIIIIIIII - Winner!

  • Race: Zerg Zerg
  • League: Grandmaster
  • Spawn Location: 7:00

llllllllllll

  • Race: Terran Terran
  • League: Master
  • Spawn Location: 5:00

VOD

Have the link to the VOD?

Description

Time

  • Played on: April 7, 2020, 7:53 p.m.
  • Length: 12:23
Show
View Real Time Build Order
Export as new Build Order

IIIIIIIIIIII Zerg - Winner!

Build Orders: Hatch First, Lurkers 

Get SALT Encoding   

  12  0:01  Drone  
  13  0:13  Overlord  
  13  0:18  Drone  
  14  0:32  Drone x2  
  16  0:50  Hatchery  
  16  0:53  Drone  
  16  0:55  Drone  
  17  1:01  Drone  
  18  1:11  Extractor  
  17  1:16  Spawning Pool  
  17  1:17  Drone  
  17  1:23  Drone  
  18  1:29  Drone  
  19  1:40  Drone  
  20  1:52  Overlord  
  20  2:03  Queen x2  
  20  2:04  Zergling x4  
  26  2:12  Drone  
  26  2:13  Drone  
  28  2:24  Drone x2  
  28  2:26  Metabolic Boost  
  30  2:38  Hatchery  
  29  2:45  Queen  
  31  2:53  Overlord  
  31  2:55  Drone x2  
  31  2:56  Drone  
  34  2:59  Drone  
  34  3:01  Drone  
  34  3:05  Overlord  
  36  3:15  Drone x2  
  36  3:17  Drone  
  36  3:18  Drone x2  
  41  3:21  Overlord  
  41  3:27  Queen  
  41  3:33  Queen  
  45  3:35  Drone  
  45  3:37  Drone  
  47  3:48  Zergling x10  
  48  3:52  Overlord  
  52  3:56  Queen  
  52  4:00  Zergling x2  
  52  4:01  Zergling x4  
  57  4:06  Spore Crawler  
  56  4:13  Drone x6  
  62  4:22  Drone  
  63  4:29  Baneling Nest  
  61  4:44  Drone x9  
  70  4:50  Overlord  
  70  4:55  Zergling x2  
  70  4:56  Zergling x6  
  70  4:57  Lair  
  74  5:00  Evolution Chamber  
  74  5:01  Overlord x2, Evolution Chamber  
  72  5:10  Drone  
  72  5:11  Drone  
  74  5:21  Drone  
  74  5:22  Drone x8  
  74  5:25  Extractor x2  
  74  5:26  Extractor  
  74  5:28  Zerg Ground Armor Level 1  
  80  5:43  Hatchery  
  80  5:44  Drone x7, Extractor  
  80  5:47  Queen  
  87  5:50  Zerg Melee Weapons Level 1  
  87  5:51  Hatchery, Zergling x2  
  87  5:58  Zergling x6  
  90  6:10  Overlord x3  
  90  6:11  Overlord, Spore Crawler  
  89  6:15  Zergling x2  
  90  6:19  Baneling  
  90  6:20  Baneling x4  
  90  6:21  Baneling  
  90  6:23  Overlord  
  90  6:24  Overlord  
  90  6:29  Centrifical Hooks  
  90  6:30  Drone x3  
  93  6:35  Drone x8  
  101  6:46  Zergling x10  
  106  6:55  Overlord x2  
  106  7:00  Hydralisk Den  
  105  7:01  Extractor  
  105  7:02  Drone x3  
  105  7:05  Zergling x2  
  105  7:06  Zergling x14  
  105  7:08  Overseer, Baneling x3  
  115  7:09  Pneumatized Carapace  
  115  7:10  Baneling  
  115  7:11  Baneling  
  115  7:17  Drone  
  115  7:18  Drone  
  115  7:22  Queen  
  119  7:24  Drone x11  
  129  7:31  Baneling x10  
  129  7:36  Zergling x2  
  129  7:37  Zergling x12  
  136  7:38  Zergling x2  
  115  8:03  Hydralisk x13  
  134  8:14  Zergling x12  
  124  8:24  Zergling x10  
  129  8:29  Zerg Melee Weapons Level 2  
  129  8:30  Zerg Ground Armor Level 2  
  123  8:42  Zergling x28  
  124  8:54  Extractor x2  
  117  8:55  Hydralisk x4  
  117  8:56  Hydralisk  
  124  9:03  Baneling x11  
  124  9:05  Zergling x12, Hatchery  
  124  9:06  Zergling x4  
  124  9:09  Overseer  
  131  9:14  Zergling x6  
  131  9:15  Zergling x4  
  136  9:25  Zergling x16  
  136  9:26  Baneling x10  
  144  9:32  Muscular Augments  
  144  9:39  Infestation Pit, Zergling x6  
  144  9:40  Zergling x16  
  154  9:45  Overlord  
  154  9:46  Overlord  
  154  9:54  Zergling x2  
  154  9:55  Zergling x6  
  154  10:00  Overlord  
  154  10:01  Overlord x3  
  152  10:12  Zergling x32  
  152  10:21  Hive  
  136  10:26  Zergling x20  
  142  10:32  Overseer  
  142  10:38  Drone  
  142  10:39  Drone x9  
  142  10:43  Lurker Den, Grooved Spines  
  142  10:45  Baneling x2  
  142  10:46  Baneling x7  
  142  10:52  Baneling x4  
  142  10:53  Zergling x10  
  142  11:00  Drone x6  
  142  11:01  Drone  
  142  11:26  Hydralisk x8  
  142  11:39  Hatchery  
  142  11:40  Spore Crawler, Extractor  
  142  11:53  Lurker x10  
  142  11:55  Hydralisk x3  
  142  11:59  Zergling x14  
  142  12:00  Zergling x2  
  142  12:10  Extractor  
  142  12:11  Extractor  
Show
View Real Time Build Order
Export as new Build Order

llllllllllll Terran 

Build Orders: Reaper Expand 

Get SALT Encoding   

  12  0:01  SCV  
  13  0:13  SCV  
  14  0:18  Supply Depot  
  14  0:25  SCV  
  15  0:40  SCV  
  15  0:42  Barracks  
  16  0:44  Refinery  
  16  0:52  SCV  
  17  1:04  SCV  
  18  1:16  SCV  
  19  1:29  Reaper, Orbital Command  
  20  1:45  Command Center  
  20  1:55  SCV  
  21  2:01  Marine  
  21  2:02  Supply Depot  
  21  2:07  SCV  
  23  2:12  Factory  
  23  2:23  Barracks Reactor, SCV  
  23  2:26  Refinery  
  24  2:35  SCV  
  25  2:48  SCV  
  26  3:00  SCV  
  28  3:06  Orbital Command, Barracks Tech Lab  
  28  3:07  Starport  
  28  3:08  Hellion  
  28  3:09  Hellion  
  31  3:13  SCV  
  32  3:25  Stimpack, Marine  
  32  3:26  SCV  
  34  3:30  Hellion x2  
  34  3:32  SCV  
  39  3:41  Supply Depot  
  39  3:42  SCV  
  40  3:53  SCV  
  40  3:58  SCV  
  41  4:06  Barracks  
  41  4:07  Starport Reactor  
  41  4:09  SCV, Barracks  
  42  4:10  Supply Depot  
  42  4:16  SCV, Factory Tech Lab  
  43  4:22  SCV  
  44  4:28  SCV  
  44  4:29  Marine  
  46  4:34  SCV  
  46  4:35  Command Center  
  43  4:42  SCV  
  40  4:47  Engineering Bay  
  40  4:48  SCV  
  40  4:50  Medivac x2  
  40  4:51  Engineering Bay  
  45  4:54  SCV  
  45  4:57  Barracks Reactor  
  46  5:00  SCV  
  46  5:06  SCV  
  48  5:10  Marine x3  
  48  5:13  SCV  
  51  5:18  SCV  
  51  5:19  Siege Tank  
  55  5:21  Barracks  
  55  5:23  Terran Infantry Weapons Level 1, Terran Infantry Armor Level 1  
  55  5:24  Refinery x2, Barracks  
  55  5:26  SCV  
  55  5:28  Marine x3  
  56  5:30  Supply Depot  
  56  5:34  Marine  
  56  5:35  Supply Depot  
  60  5:36  Marine  
  61  5:46  Marine  
  62  5:50  Combat Shield  
  62  5:51  Marine x3  
  62  5:52  SCV x2  
  67  5:59  Marine  
  67  6:04  SCV x2, Marine, Siege Tank  
  71  6:09  Supply Depot, Marine  
  75  6:13  Barracks Reactor, Barracks Tech Lab  
  75  6:16  SCV  
  75  6:17  Supply Depot  
  76  6:24  Marine x2  
  78  6:30  Marine x2  
  78  6:31  Marauder  
  83  6:32  SCV  
  83  6:33  SCV  
  83  6:34  Marauder  
  83  6:39  Liberator  
  89  6:41  Concussive Shells, Marine x2  
  89  6:44  Supply Depot  
  91  6:48  Supply Depot x2, Marine x2  
  91  6:50  Marine  
  94  6:56  Bunker  
  94  7:05  Marine, Siege Tank  
  94  7:08  Marauder, Marine  
  101  7:09  Marine x2  
  101  7:10  Marauder  
  105  7:22  Medivac  
  107  7:26  Supply Depot  
  107  7:29  Marauder  
  109  7:30  Missile Turret  
  109  7:33  Command Center, Missile Turret  
  109  7:36  Missile Turret  
  109  7:37  Siege Tank  
  106  7:53  Marine x2  
  106  7:56  Marine x2  
  106  7:57  Marauder  
  102  7:59  Marine  
  102  8:00  Marauder, Marine  
  103  8:11  Marine x2  
  105  8:14  Marine  
  105  8:15  Marine  
  105  8:17  Marine x2  
  105  8:19  Marauder  
  98  8:20  Medivac, Siege Tank  
  98  8:21  Marine  
  104  8:29  Marine x2  
  100  8:38  Marine  
  100  8:39  Marine x4  
  100  8:40  Marine  
  101  8:47  Marine x2  
  96  8:51  Orbital Command  
  88  8:56  Marine x3  
  88  8:57  Marine  
  88  8:59  Marine x2  
  88  9:00  Siege Tank  
  95  9:07  Marine x2  
  98  9:10  SCV x2  
  98  9:11  Armory  
  101  9:17  Marauder  
  101  9:18  Marine x2  
  101  9:19  Marauder, Marine x2  
  101  9:20  Medivac  
  101  9:22  SCV  
  110  9:28  Marine x2  
  112  9:36  Marine x3, Siege Tank  
  112  9:37  Supply Depot, Marine  
  121  9:38  Marauder  
  121  9:41  Marauder, Liberator  
  126  9:45  Marine  
  126  9:46  Marine  
  126  9:50  Supply Depot  
  128  9:54  Marine x3  
  128  9:57  Marine  
  134  10:00  Marauder  
  134  10:02  Marine  
  134  10:03  Marine x2  
  134  10:04  Liberator  
  140  10:12  Marine x3  
Tags
 
Add a new tag
Caveats
  • Supply blocks, unpowered buildings, or Contaminate may cause inaccurate times.
  • Supply counts are checked every 10 seconds.